 Dungeon Sprint DCSS version 0.29-a0-512-gf59ac788ac (webtiles) character file.

Game seed: 10964240701263775153

30161 mhtbhm the Fencer (level 13, -7/124 HPs)
             Began as a Human Fighter on May 29, 2022.
             Was an Initiate of Gozag.
             Mangled by a naga
             ... wielding a +0 flail
              (23 damage)
             ... in the Dungeon (Sprint IX: "|||||||||||||||||||||||||||||").
             The game lasted 00:12:14 (7197 turns).

mhtbhm the Fencer (Human Fighter)                   Turns: 7197, Time: 00:12:15

Health: -7/124     AC: 23    Str: 21    XL:     13   Next: 86%
Magic:  13/13      EV: 16    Int:  8    God:    Gozag
Gold:   710        SH:  7    Dex: 14    Spells: 12/12 levels left

rFire   + . .      SeeInvis .   a - +2 scimitar (flame)
rCold   + . .      Faith    .   c - +0 buckler
rNeg    + . .      Spirit   .   b - +0 storm dragon scales
rPois   +          Reflect  .   p - +1 hat {Stlth+}
rElec   +          Harm     .   B - +1 cloak of Starlight {*Dazzle EV+4 Stlth--}
rCorr   +          Rampage  .   l - +0 pair of gloves
Will    +++..      Clarity  +   C - +0 pair of boots {Stlth+}
Stlth   +......... NoTele   +   f - amulet of the Four Winds {rN+ Will+++ Clar}
HPRegen 0.30/turn               v - ring of poison resistance
MPRegen 0.13/turn               w - +4 ring of slaying

@: lethally poisoned (-7 -> -8), resistant, weakened, gold aura, hasted,
invisible, very quick
A: no striking features
a: Renounce Religion, Potion Petition, Call Merchant, Bribe Branch


You were in the Dungeon.
You worshipped Gozag.
Gozag was pleased with you.
You visited 1 branch You collected 9679 gold pieces.
You spent 3367 gold pieces at shops.
You paid 5602 gold pieces to Gozag.

Inventory:

Hand Weapons
 a - a +2 scimitar of flaming (weapon)
Missiles
 e - a curare-tipped dart (quivered)
Armour
 b - +0 storm dragon scales (worn)
 c - a +0 buckler (worn)
 l - a +0 pair of gloves (worn)
 p - a +1 hat of stealth (worn)
 B - the +1 cloak of Starlight (worn) {*Dazzle EV+4 Stlth--}
   (You bought it in a shop in the Dungeon)

   It may blind those who miss an attack against the wearer in melee combat.
   EV:        It affects your evasion (+4).
   Stlth:     It makes you much less stealthy.
 C - a +0 pair of boots of stealth (worn)
Jewellery
 f - the amulet of the Four Winds (around neck) {rN+ Will+++ Clar}
   (You bought it in a shop in the Dungeon)

   [amulet of nothing]

   rN:        It protects you from negative energy.
   Clar:      It protects you against confusion.
   Will:      It greatly increases your willpower.
 v - a ring of poison resistance (left hand)
 w - a +4 ring of slaying (right hand)
 x - a ring of resist corrosion
 y - a ring of protection from cold
 z - a ring of see invisible
 A - a ring of protection from fire
Wands
 u - a wand of paralysis (6)
Scrolls
 i - 6 scrolls of identify
 j - a scroll of blinking
 k - 2 scrolls of amnesia
 m - a scroll of poison
 q - a scroll of fear
 r - 2 scrolls of enchant weapon
 s - 7 scrolls of enchant armour
Potions
 d - a potion of berserk rage
 g - 3 potions of haste
 h - 4 potions of magic
 o - 3 potions of might


   Skills:
 + Level 18.4 Fighting
 + Level 19.4 Long Blades
 + Level 1.8 Throwing
 + Level 14.2 Armour
 + Level 11.0 Dodging
 + Level 8.9 Stealth
 + Level 13.6 Shields
 + Level 6.1 Evocations


You had 12 spell levels left.
You didn't know any spells.
Your spell library was empty.

Dungeon Overview and Level Annotations

Branches:
Dungeon (1/1)

Altars:
Cheibriados
Dithmenos
Elyvilon
Fedhas
Gozag
Hepliaklqana
Kikubaaqudgha
Makhleb
Nemelex Xobeh
Okawaru
Qazlal
Ru
Sif Muna
Trog
Uskayaw
Vehumet
Wu Jian
Xom
Yredelemnul
Zin
The Shining One
Beogh
Jiyva
Lugonu

Shops:
D *=:=[?


Message History

The naga warrior constricts you.
* * * LOW HITPOINT WARNING * * *
You closely miss the naga warrior.
The naga warrior is severely wounded.
You hit the naga warrior but do no damage.
The naga warrior is severely wounded.
You feel sick.
Unknown command.
You slash the naga warrior! You burn the naga warrior.
The naga warrior is almost dead.
The naga warrior barely misses you. The naga warrior constricts you.
You hit the naga warrior but do no damage.
The naga warrior is almost dead.
You feel sick.
You barely miss the naga warrior.
The naga warrior is almost dead.
You feel sick. The naga warrior barely misses you.
The naga warrior constricts you.
* * * LOW HITPOINT WARNING * * *
Unknown command.
You hit the naga warrior. You burn the naga warrior.
The naga warrior is almost dead.
The naga is distracted by your dazzling golden aura.
You slice the naga warrior!! You burn the naga warrior.
You kill the naga warrior!
You feel sick.
Unknown command.
Unknown command.
Okay, then.
Things that are here:
72 gold pieces; a +0 mace; a +0 robe You barely miss the naga.
The naga is no longer distracted by gold.
You feel sick.
You hit the naga but do no damage. You slash the naga! You burn the naga.
The naga is severely wounded.
You feel sick. The naga hits you with a +0 flail!!
You die...
Your body crumbles into a pile of gold.

.▓.▓.▓.▓.▓.▓)▓.▓∩▓
.▓.▓.▓.▓)▓.▓.▓.▓.▓
.▓.▓"▓.▓)▓.▓.▓.▓.▓
.▓.▓(▓.▓)▓.▓)▓.▓'▓
'▓.▓.▓.▓)▓.▓)▓.▓$▓
_▓.▓.▓.▓)▓.▓)▓.▓$▓
_▓.▓.▓.▓.▓.▓)▓.▓$▓
_▓.▓.▓.▓)▓.▓)▓.▓$▓
_▓.▓.▓.▓)▓.▓)▓.▓@▓
_▓.▓'▓.▓)▓.▓)▓.▓N▓
_▓.▓.▓.▓)▓.▓)▓.▓.▓
_▓.▓.▓.▓)▓.▓.▓.▓.▓
_▓.▓.▓.▓)▓.▓[▓.▓.▓
_▓.▓.▓.▓.▓.▓[▓.♣+♣
_▓.▓.▓.▓)▓.▓[▓.♣
_▓.▓.▓.▓'▓.▓=▓.♣
_▓.▓.▓.▓)▓.▓[▓.♣


You could see a naga (strong).

Vanquished Creatures
  Gastronok (D)
  A frost giant (D)
  A nagaraja (D)
  Aizul (D)
  A stone giant (D)
  A rakshasa (D)
  An ice dragon (D)
  2 boulder beetles (D)
  4 centaur warriors (D)
  3 hydras (D)
  An ogre mage (D)
  A salamander tyrant (D)
  A deep troll shaman (D)
  A naga warrior (D)
  A shock serpent (D)
  A hell knight (D)
  An orc high priest (D)
  Sonja (D)
  2 deep elf pyromancers (D)
  2 ugly things (D)
  11 orc knights (D)
  An orc sorcerer (D)
  An elephant (D)
  3 black mambas (D)
  2 naga magi (D)
  2 cane toads (D)
  5 komodo dragons (D)
  An unseen horror (D)
  A rime drake (D)
  A troll (D)
  2 polar bears (D)
  2 wraiths (D)
  A spriggan (shapeshifter) (D)
  A water moccasin (D)
  12 orc warriors (D)
  A centaur (D)
  6 black bears (D)
  2 wolves (D)
  A phantom (D)
  4 bullfrogs (D)
  A howler monkey (D)
  A hound (D)
  2 orc priests (D)
  5 orc wizards (D)
  2 adders (D)
  7 orcs (D)
  An endoplasm (D)
  2 hobgoblins (D)
  A quokka (D)
  A rat (D)
111 creatures vanquished.

Vanquished Creatures (others)
  A troll (D)
1 creature vanquished.

Grand Total: 112 creatures vanquished

Notes
Turn   | Place    | Note
-------+----------+-------------------------------------------
     0 | D        | mhtbhm the Human Fighter began the quest for the Orb.
     0 | D        | Reached XP level 1. HP: 18/18 MP: 1/1
    18 | D        | Reached XP level 2. HP: 17/24 MP: 2/2
   201 | D        | Noticed a phantom
   211 | D        | Killed a phantom
   212 | D        | Reached skill level 5 in Fighting
   212 | D        | Reached skill level 4 in Long Blades
   212 | D        | Reached skill level 5 in Armour
   212 | D        | Reached XP level 3. HP: 33/33 MP: 3/3
   212 | D        | Reached XP level 4. HP: 39/39 MP: 4/4
   219 | D        | Reached skill level 5 in Shields
   225 | D        | Reached XP level 5. HP: 34/46 MP: 5/5
   229 | D        | Reached skill level 5 in Long Blades
   235 | D        | Found a snail-covered altar of Cheibriados.
   235 | D        | Found a shadowy altar of Dithmenos.
   235 | D        | Found a white marble altar of Elyvilon.
   235 | D        | Found a blossoming altar of Fedhas.
   235 | D        | Found an opulent altar of Gozag.
   236 | D        | Found a hazy altar of Hepliaklqana.
   237 | D        | Found a viscous altar of Jiyva.
   238 | D        | Found an ancient bone altar of Kikubaaqudgha.
   239 | D        | Found a corrupted altar of Lugonu.
   240 | D        | Found a burning altar of Makhleb.
   241 | D        | Found a sparkling altar of Nemelex Xobeh.
   242 | D        | Found an iron altar of Okawaru.
   247 | D        | Found a stormy altar of Qazlal.
   248 | D        | Found a sacrificial altar of Ru.
   249 | D        | Found a shimmering blue altar of Sif Muna.
   250 | D        | Found a bloodstained altar of Trog.
   251 | D        | Found a hide-covered altar of Uskayaw.
   252 | D        | Found a radiant altar of Vehumet.
   253 | D        | Found an ornate altar of the Wu Jian Council.
   254 | D        | Found a shimmering altar of Xom.
   255 | D        | Found a basalt altar of Yredelemnul.
   256 | D        | Found a glowing silver altar of Zin.
   257 | D        | Found a glowing golden altar of the Shining One.
   273 | D        | Became a worshipper of Gozag Ym Sagoz the Greedy
   389 | D        | Noticed a troll
   389 | D        | Noticed a wraith
   389 | D        | Noticed a troll
   389 | D        | Noticed a wraith
   389 | D        | Noticed a centaur
   394 | D        | Killed a wraith
   394 | D        | Killed a wraith
   394 | D        | Killed a troll
   395 | D        | Reached skill level 8 in Long Blades
   395 | D        | Reached skill level 1 in Evocations
   395 | D        | Reached XP level 6. HP: 37/57 MP: 6/6
   395 | D        | Reached XP level 7. HP: 41/63 MP: 7/7
   396 | D        | Killed a troll
   397 | D        | Reached skill level 9 in Long Blades
   397 | D        | Reached XP level 8. HP: 32/71 MP: 8/8
   426 | D        | Killed an unseen horror
   427 | D        | Reached skill level 10 in Long Blades
   742 | D        | Noticed a purple ugly thing
   742 | D        | Noticed a five-headed hydra
   742 | D        | Noticed a deep elf pyromancer
   742 | D        | Noticed a centaur warrior
   742 | D        | Noticed a centaur warrior
   743 | D        | Noticed a fire elemental
   756 | D        | Killed a purple ugly thing
   757 | D        | Reached skill level 10 in Fighting
   757 | D        | Reached skill level 11 in Long Blades
   757 | D        | Reached XP level 9. HP: 53/79 MP: 9/9
   760 | D        | Killed a two-headed hydra
   761 | D        | Reached skill level 12 in Long Blades
   762 | D        | Killed a deep elf pyromancer
   763 | D        | Reached skill level 10 in Armour
   763 | D        | Reached skill level 1 in Stealth
   769 | D        | Killed a centaur warrior
   770 | D        | Reached skill level 5 in Dodging
   770 | D        | Reached XP level 10. HP: 22/88 MP: 10/10
   775 | D        | HP: 3/88 [centaur warrior (2)]
   777 | D        | Killed a centaur warrior
   778 | D        | Reached skill level 13 in Long Blades
  1221 | D        | Noticed a komodo dragon
  1221 | D        | Noticed an eight-headed hydra
  1221 | D        | Noticed a black mamba
  1221 | D        | Noticed a komodo dragon
  1221 | D        | Noticed a komodo dragon
  1226 | D        | Noticed a komodo dragon
  1230 | D        | Killed a komodo dragon
  1235 | D        | Killed a five-headed hydra
  1236 | D        | Reached skill level 14 in Long Blades
  1242 | D        | Noticed a rime drake
  1253 | D        | Killed a black mamba
  1472 | D        | Killed a komodo dragon
  1473 | D        | Reached skill level 5 in Evocations
  1476 | D        | Killed a rime drake
  1477 | D        | Reached skill level 10 in Shields
  1477 | D        | Killed a komodo dragon
  1478 | D        | Reached XP level 11. HP: 34/96 MP: 11/11
  1731 | D        | Noticed an elephant
  1742 | D        | Reached skill level 15 in Long Blades
  1753 | D        | Killed an elephant
  1977 | D        | Noticed Sonja
  1997 | D        | Killed Sonja
  1998 | D        | Reached skill level 16 in Long Blades
  2276 | D        | Noticed an orc high priest
  2286 | D        | Killed an orc high priest
  2418 | D        | Noticed an orc knight
  2418 | D        | Noticed an orc sorcerer
  2429 | D        | Killed an orc knight
  2432 | D        | Killed an orc sorcerer
  2439 | D        | Noticed an orc knight
  2485 | D        | Reached XP level 12. HP: 79/108 MP: 12/12
  2665 | D        | Reached skill level 5 in Stealth
  2866 | D        | Found Ciuczuve's General Store.
  2897 | D        | HP: 5/162 [orc knight/+2 great mace (5)]
  2903 | D        | HP: 3/108 [orc knight/+0 great mace (13)]
  3497 | D        | Reached skill level 15 in Fighting
  3497 | D        | Reached skill level 17 in Long Blades
  4210 | D        | Found Socveuko's Jewellery Shoppe.
  4214 | D        | Found Woidiett's Book Emporium.
  4218 | D        | Found Dopememyo's Jewellery Shoppe.
  4278 | D        | Reached skill level 10 in Dodging
  4288 | D        | Reached skill level 1 in Throwing
  4499 | D        | Bought the amulet of the Four Winds {rN+ Will+++ Clar} for
                  | 526 gold pieces
  4499 | D        | Found the amulet of the Four Winds {rN+ Will+++ Clar}
  4510 | D        | Bought a potion of heal wounds for 65 gold pieces
  4510 | D        | Bought a wand of paralysis (6) for 104 gold pieces
  4510 | D        | Bought a potion of haste for 130 gold pieces
  4512 | D        | Bought a ring of poison resistance for 200 gold pieces
  4520 | D        | Bought a +4 ring of slaying for 780 gold pieces
  4520 | D        | Bought a ring of resist corrosion for 200 gold pieces
  4685 | D        | Noticed Gastronok
  4702 | D        | Killed Gastronok
  4885 | D        | Bought the +1 cloak of Starlight {*Dazzle EV+4 Stlth--} for
                  | 915 gold pieces
  4885 | D        | Found the +1 cloak of Starlight {*Dazzle EV+4 Stlth--}
  4885 | D        | Bought a pair of glowing boots for 225 gold pieces
  4908 | D        | Noticed a boulder beetle
  4908 | D        | Noticed an ogre mage
  4908 | D        | Noticed a boulder beetle
  4908 | D        | Noticed a centaur warrior
  4908 | D        | Noticed a seven-headed hydra
  4912 | D        | Noticed a centaur warrior
  4915 | D        | Noticed a deep troll shaman
  4922 | D        | Killed a boulder beetle
  4923 | D        | Reached skill level 18 in Long Blades
  4931 | D        | Killed a boulder beetle
  4935 | D        | Killed an ogre mage
  4936 | D        | Reached XP level 13. HP: 49/119 MP: 13/13
  4936 | D        | Noticed an ice dragon
  4939 | D        | Noticed a stone giant
  4945 | D        | Killed a centaur warrior
  4946 | D        | Noticed a rakshasa
  4953 | D        | Killed a one-headed hydra
  5086 | D        | Killed a centaur warrior
  5312 | D        | Killed an ice dragon
  5313 | D        | HP: 5/120 [stone giant/large rock (37)]
  5629 | D        | Killed a stone giant
  5917 | D        | Killed a rakshasa
  6003 | D        | Noticed a frost giant
  6267 | D        | Killed a frost giant
  6268 | D        | Reached skill level 19 in Long Blades
  6837 | D        | Noticed Aizul
  6854 | D        | Killed Aizul
  7111 | D        | Bought a scroll of enchant armour for 90 gold pieces
  7111 | D        | Bought a scroll of blinking for 90 gold pieces
  7111 | D        | Bought a scroll of poison for 42 gold pieces
  7114 | D        | Noticed a salamander tyrant
  7118 | D        | Noticed a nagaraja
  7152 | D        | Killed a salamander tyrant
  7167 | D        | Killed a nagaraja
  7197 | D        | Mangled by a naga

Illustrated notes

Levels and vault maps discovered:
D:        linesprint [early_d, line_temple, items_1, d_10, items_2, lair_1,
          lair_end, items_3, orc_1, orc_end, items_4, d_15, swamp_1, shoals_1,
          snake_1, spider_1, d_20, vaults_1, items_5, swamp_end, shoals_end,
          snake_end, spider_end, vaults_end, d_27, items_6, zot_1, zot_end,
          crypt_end, forest_end, elf_end, slime_end, tomb_end, abyss_end,
          pan_hell_end]

Skill      XL: |  1  2  3  4  5  6  7  8  9 10 11 12 13 |
---------------+----------------------------------------+-----
Fighting       | 5 6 8 9 10 11 12 14 16 18 | 18.4
Long Blades    | 4 8 9 11 12 14 16 18 19 | 19.4
Armour         | 5 8 9 10 11 12 14 | 14.2
Shields        | 4 5 7 8 9 10 11 12 13 | 13.6
Dodging        | 2 3 5 6 8 10 11 | 11.0
Evocations     | 1 2 4 5 6 |  6.1
Stealth        | 1 2 4 5 8 |  8.9
Throwing       | 1 |  1.8

Action                   |  1- 3 |  4- 6 |  7- 9 | 10-12 | 13-15 || total
-------------------------+-------+-------+-------+-------+-------++-------
Melee: Long sword        |    23 |    17 |       |       |       ||    40
       Scimitar          |       |       |    40 |   395 |   184 ||   619
Throw: Dart              |       |       |       |     2 |       ||     2
Invok: Potion Petition   |       |       |       |     4 |     3 ||     7
       Call Merchant     |       |       |       |     1 |     1 ||     2
Evoke: Wand              |       |     4 |     3 |     3 |       ||    10
  Use: Potion            |     1 |     1 |     5 |    10 |     5 ||    22
       Scroll            |       |       |       |     2 |     2 ||     4
 Stab: Distracted        |       |       |       |     4 |     4 ||     8
       Invisible         |       |       |       |     2 |    10 ||    12
Armor: Scale mail        |     6 |    10 |       |       |       ||    16
       Ring mail         |       |     1 |    28 |    63 |       ||    92
       Skin              |       |       |       |     8 |       ||     8
       Storm dragon scal |       |       |       |     2 |    52 ||    54
       Chain mail        |       |       |       |     1 |       ||     1
Dodge: Dodged            |     6 |    14 |    13 |   113 |    55 ||   201
Block: Buckler           |     1 |    10 |    11 |    76 |    33 ||   131

Table legend: (Time is in decaauts)
 A = Elapsed time spent in this place.
 B = Non-inter-level travel time spent in this place.
 C = Inter-level travel time spent in this place.
 D = Time resting spent in this place.
 E = Time spent auto-exploring this place.
 F = Levels seen in this place.
 G = Mean time per level.
                   A        B        C        D        E       F      G
               +--------+--------+--------+--------+--------+-----+--------+
         Total |   7028 |   7028 |      0 |   4374 |    396 |   1 | 7028.0 |
       Dungeon |   7028 |   7028 |      0 |   4374 |    396 |   1 | 7028.0 |
               +--------+--------+--------+--------+--------+-----+--------+

Top non-repeatable levels by time:
       D: 7028 daAuts
